 Dungeon Crawl Stone Soup version 0.18.1-50-g88ac8fd (console) character file.

3567 Kloppie the Cleaver (level 10, -4/94 HPs)
             Began as a Hill Orc Berserker on Sept 18, 2016.
             Was an Elder of Trog.
             Slain by Erolcha
             ... wielding a +0 giant spiked club
              (19 damage)
             ... on level 8 of the Dungeon.
             The game lasted 00:11:11 (7766 turns).

Kloppie the Cleaver (Hill Orc Berserker)            Turns: 7766, Time: 00:11:11

Health: -4/94      AC: 11    Str: 24    XL:     10   Next: 9%
Magic:  10/10      EV:  8    Int:  7    God:    Trog [****..]
Gold:   455        SH:  4    Dex: 10    Spells: 0 memorised, 9 levels left

rFire  . . .     SeeInvis .     a - +0 hand axe
rCold  . . .     Gourm    .     l - +0 chain mail
rNeg   . . .     Faith    .     (no shield)
rPois  .         Spirit   .     (no helmet)
rElec  .         Dismiss  .     f - +0 cloak
rCorr  .         Reflect  +     (no gloves)
SustAt .         Harm     .     (no boots)
MR     ++...                    b - +4 amulet of reflection
Stlth  ..........               (no ring)
                                y - ring of stealth

@: exhausted, regenerating, slowed, very slow, very resistant to hostile
enchantments, extremely unstealthy
A: no striking features
a: Berserk, Trog's Hand, Brothers in Arms, Burn Spellbooks, Renounce Religion


You were on level 8 of the Dungeon.
You worshipped Trog.
Trog was greatly pleased with you.
You were hungry.

You visited 1 branch of the dungeon, and saw 8 of its levels.
You also visited: Sewer.

You collected 455 gold pieces.

Inventory:

Hand Weapons
 a - a +0 hand axe (weapon)
Armour
 f - a +0 cloak (worn)
 l - a +0 chain mail (worn)
Jewellery
 b - a +4 amulet of reflection (around neck)
 y - a ring of stealth (left hand)
Wands
 i - a wand of random effects (18/48)
 E - a wand of paralysis (18/24)
Scrolls
 e - 5 scrolls of identify
 g - 6 scrolls of teleportation {unknown}
 h - 2 scrolls of random uselessness {unknown}
 k - 3 scrolls of recharging {unknown}
 n - 4 scrolls of fog {unknown}
 o - a scroll of amnesia {unknown}
 p - 4 scrolls of magic mapping {unknown}
 s - 3 scrolls of blinking {unknown}
 v - a scroll of immolation {unknown}
 w - 2 scrolls of vulnerability {unknown}
 x - 3 scrolls of remove curse {unknown}
 C - a scroll of enchant weapon {unknown}
 D - a scroll of acquirement {unknown}
Potions
 d - a potion of cancellation
 m - 4 potions of lignification
 q - a potion of mutation {unknown}
 r - a potion of cure mutation
 z - 4 potions of curing
 A - 2 potions of flight
 B - a potion of haste
Books
 t - a book of Ice

   Spells                             Type                      Level
   a - Ice Form                       Ice/Transmutation            4
   b - Metabolic Englaciation         Hexes/Ice                    5
   c - Ozocubu's Refrigeration        Ice                          6
   d - Bolt of Cold                   Conjuration/Ice              6
   e - Freezing Cloud                 Conjuration/Ice/Air          6
   f - Simulacrum                     Ice/Necromancy               6
   Trog disapproves of the use of such an item.
Comestibles
 c - 5 bread rations
 j - 3 meat rations
 u - a slice of pizza
 F - a beef jerky


   Skills:
 - Level 10.7 Fighting
 + Level 13.0 Axes
 + Level 6.2 Armour
 - Level 1.5 Dodging


You had 9 spell levels left.
You didn't know any spells.

Dungeon Overview and Level Annotations

Branches:
Dungeon (8/15)             Temple (0/1) D:4
   Lair: D:8-11

Altars:
Ashenzari
Cheibriados
Dithmenos
Elyvilon
Fedhas
Gozag
Sif Muna
Trog

Shops:
D:6 !

Annotations:
D:8 Erolcha


Message History

Erolcha is heavily wounded.
Erolcha points at you and mumbles some strange words.
The orb of energy hits you!
* * * LOW HITPOINT WARNING * * *
The orb of energy explodes!
You hit Erolcha.
Erolcha is heavily wounded.
You block Erolcha's attack.
You hit Erolcha.
Erolcha is heavily wounded.
Erolcha gestures wildly while chanting.
Erolcha flickers and vanishes!
Deactivating autopickup; reactivate with Ctrl-A.
You closely miss something. Something hits you.
* * * LOW HITPOINT WARNING * * *
You hit something. You hit something but do no damage. Something hits you!
* * * LOW HITPOINT WARNING * * *
You hit something. Something hits you!!
You die...

#......#####.####
##.....))........######
.......)#####.........##
###.....# ###........##
##.....### #.........##
#.........# #..........#
......###.# #.........##
#.###. #.# #........##
#. #. #@# #........###
#. #{# ####........ #.#
#####.### #.# #..# #.#
##.# #.# #(# #.# #.# #.#
#.# #######.#


There were no monsters in sight!

Vanquished Creatures
  Pikel (D:6)
  Grum (D:8)
  Menkaure (D:6)
  The ghost of cba the Sneak, an amateur OpAs of Dithmenos (D:4)
  A water moccasin (D:3)
  An ice beast (D:5)
  3 slaves (D:6)
  2 sky beasts (D:7)
  A necrophage (D:6)
  2 phantoms
  7 ogres
  2 wolves (D:8)
  A big kobold (Sewer)
  3 giant frogs
  A gnoll sergeant (D:8)
  3 scorpions
  A water moccasin skeleton (D:6)
  A wyvern skeleton (D:6)
  A centaur zombie (D:4)
  A jelly (D:5)
  A hound (D:6)
  A giant frog skeleton (D:7)
  2 orc priests
  Crazy Yiuf (D:2)
  An orc wizard (D:3)
  2 iguanas (D:5)
  Terence (D:3)
  4 worker ants
  A hound skeleton (D:5)
  A howler monkey zombie (D:6)
  3 gnolls (D:8)
  19 adders
  3 shadow imps
  6 oozes
  3 worms
  3 dart slugs
  9 giant geckos
  14 orcs
  4 ball pythons
  5 giant cockroaches
  6 goblins
  4 hobgoblins
  11 jackals
  4 quokkas
  6 bats
  A giant gecko zombie (D:6)
  5 giant newts
  A jackal zombie (D:7)
  10 kobolds
  3 quokka skeletons
  A quokka zombie (D:5)
  7 rats
178 creatures vanquished.

Vanquished Creatures (others)
  An adder (D:6)
  3 river rats (D:6)
  A rat (D:6)
5 creatures vanquished.

Grand Total: 183 creatures vanquished

Notes
Turn   | Place    | Note
--------------------------------------------------------------
     0 | D:1      | Kloppie the Hill Orc Berserker began the quest for the Orb.
     0 | D:1      | Reached XP level 1. HP: 19/19 MP: 1/1
    66 | D:1      | Reached XP level 2. HP: 20/27 MP: 2/2
   776 | D:2      | Reached XP level 3. HP: 22/33 MP: 3/3
   808 | D:2      | Reached ** piety under Trog
   867 | D:2      | Found a snail-covered altar of Cheibriados.
   886 | D:2      | Reached skill level 5 in Axes
  1174 | D:2      | Noticed Crazy Yiuf
  1181 | D:2      | Killed Crazy Yiuf
  1181 | D:2      | Reached XP level 4. HP: 41/41 MP: 4/4
  1238 | D:2      | Reached skill level 5 in Fighting
  1420 | D:2      | Found a blossoming altar of Fedhas.
  1600 | D:2      | Found an opulent altar of Gozag.
  2024 | D:3      | Reached XP level 5. HP: 29/48 MP: 5/5
  2163 | D:3      | Noticed Terence
  2186 | D:3      | Killed Terence
  2285 | D:3      | Noticed a water moccasin
  2297 | D:3      | Killed a water moccasin
  2297 | D:3      | Reached skill level 6 in Axes
  2297 | D:3      | Reached XP level 6. HP: 58/58 MP: 6/6
  2876 | D:4      | Reached skill level 7 in Axes
  3027 | D:3      | Reached *** piety under Trog
  3052 | D:4      | Noticed a phantom
  3088 | D:4      | Killed a phantom
  3088 | D:4      | Reached XP level 7. HP: 43/66 MP: 7/7
  3287 | D:4      | Found a shattered altar of Ashenzari.
  3320 | D:4      | Noticed cba's ghost (amateur OpAs)
  3330 | D:4      | Killed cba's ghost
  3330 | D:4      | Reached skill level 8 in Axes
  3614 | D:4      | Found a staircase to the Ecumenical Temple.
  3778 | D:5      | Entered Level 5 of the Dungeon
  3835 | D:5      | Reached skill level 9 in Axes
  3835 | D:5      | Reached XP level 8. HP: 51/75 MP: 8/8
  4552 | D:5      | Reached skill level 10 in Axes
  4603 | D:5      | Found a bloodstained altar of Trog.
  4873 | D:6      | Noticed Pikel
  4896 | D:6      | Killed Pikel
  4896 | D:6      | Reached skill level 10 in Fighting
  4896 | D:6      | Reached skill level 11 in Axes
  4896 | D:6      | Reached XP level 9. HP: 64/86 MP: 9/9
  4999 | D:6      | Found a glowing drain.
  5013 | Sewer    | Entered a sewer
  5133 | Sewer    | Reached **** piety under Trog
  5793 | D:6      | Noticed Menkaure
  5800 | D:6      | Killed Menkaure
  5800 | D:6      | Reached skill level 12 in Axes
  6067 | D:6      | Found Naciskue's Distillery.
  6251 | D:6      | Found a white marble altar of Elyvilon.
  6815 | D:7      | Found a shadowy altar of Dithmenos.
  6832 | D:7      | Reached skill level 5 in Armour
  7087 | D:7      | Found a deep blue altar of Sif Muna.
  7491 | D:8      | Reached XP level 10. HP: 37/94 MP: 10/10
  7721 | D:8      | Noticed Grum
  7733 | D:8      | Noticed Erolcha
  7745 | D:8      | Killed Grum
  7751 | D:8      | Reached skill level 13 in Axes
  7766 | D:8      | Slain by Erolcha

Skill      XL: |  1  2  3  4  5  6  7  8  9 10 |
---------------+-------------------------------+-----
Fighting       | 4 5 6 7 8 10 | 10.7
Axes           | 5 6 7 9 11 12 13 | 13.0
Armour         | 5 6 |  6.2
Dodging        | |  1.5

Action                   |  1- 3 |  4- 6 |  7- 9 | 10-12 || total
-------------------------+-------+-------+-------+-------++-------
Melee: Hand axe          |   114 |   257 |   514 |    41 ||   926
Invok: Berserk           |     1 |     2 |     8 |     1 ||    12
       Trog's Hand       |       |       |       |     1 ||     1
  Use: Scroll            |       |       |     7 |       ||     7
  Eat: Chunk             |     1 |    10 |    22 |     2 ||    35
Armor: Animal skin       |    17 |       |       |       ||    17
       Chain mail        |    49 |   127 |   206 |    10 ||   392
       Leather armour    |     2 |       |       |       ||     2
Dodge: Dodged            |    73 |    99 |   139 |     9 ||   320
Block: Other             |       |       |    14 |     8 ||    22
